Cogmind - Beta 11 @@@ ROGUE MODE // 2022.03.21 @ 11:57:53 Player: Dytto Result: Destroyed by G-47 Trooper with Particle Gun Performance ------------- Evolutions (1) 500 Regions Visited (2) 400 Robots Destroyed (6) 30 Value Destroyed (228) 228 Prototype IDs (0) 0 Alien Tech Used (0) 0 Bonus (200) 200 TOTAL SCORE: 1358 Bonus ------- Pacifist 200 Cogmind --------- Core Integrity 0/400 Matter 300/300 Energy 100/100 System Corruption 0% Temperature Cool (9) Movement Core (50) Location -9/Materials Parts ------- > --- POWER (2) -------- (None) > --- PROPULSION (2) --- (None) > --- UTILITY (3) ------ Power Shielding > --- WEAPON (2) ------- (None) > --- INVENTORY (5) ---- Ion Engine Compact Wheel Compact Wheel Heat Sink Peak State ------------ > --- POWER ------------ Ion Engine Light Ion Engine > --- PROPULSION ------- Aluminum Leg Aluminum Leg > --- UTILITY ---------- Power Shielding Medium Armor Plating Tractor Beam > --- WEAPON ----------- Beam Rifle Assault Rifle > --- INVENTORY -------- Compact Wheel Compact Wheel Heat Sink Small Laser [Rating: 11] Favorites ----------- Power Light Ion Engine Engine Light Ion Engine Propulsion Aluminum Leg Leg Aluminum Leg Wheel Compact Wheel Utility Power Shielding Device Tractor Beam Protection Power Shielding Weapon Assault Rifle Energy Gun Small Laser Ballistic Gun Assault Rifle Build | -11 -10 -9 ------- Run | Scr Mat Mat Slots Evolved 2 | . . 2 Power 1 | . . 1 Propulsion . | . . . Utility 1 | . . 1 Weapon . | . . . Parts Attached 14 | 8 1 5 Power 2 | 1 . 1 Engine 2 | 1 . 1 Core . | . . . Reactor . | . . . Propulsion 5 | 5 . . Treads . | . . . Leg 2 | 2 . . Wheel 3 | 3 . . Hover . | . . . Flight . | . . . Utility 4 | . 1 3 Device 1 | . . 1 Storage . | . . . Processor . | . . . Hackware . | . . . Protection 3 | . 1 2 Artifact . | . . . Weapon 3 | 2 . 1 Energy Gun 2 | 1 . 1 Energy Cannon . | . . . Ballistic Gun 1 | 1 . . Ballistic Cannon . | . . . Launcher . | . . . Special Weapon . | . . . Impact Weapon . | . . . Slashing Weapon . | . . . Piercing Weapon . | . . . Special Melee Weapon . | . . . Unidentified Prototypes . | . . . Parts Lost 7 | . . 7 Power 1 | . . 1 Propulsion 2 | . . 2 Utility 2 | . . 2 Weapon 2 | . . 2 Highest Loss Streak 7 | . . 7 To Critical Strikes . | . . . Average Slot Usage (%) 76 | . 71 83 Engine 14 | . 14 14 Leg 24 | . 28 19 Device 3 | . . 9 Protection 8 | . . 20 Energy Gun 12 | . 14 9 Ballistic Gun 12 | . 14 9 Naked Turns . | . . . Heaviest Build 22 | 6 7 22 Greatest Support 32 | 32 20 20 Greatest Overweight (x) 1 | . . 1 Average Overweight (x) . | . . . Largest Inventory Capacity 5 | 5 5 5 Average Capacity 5 | 5 5 5 Most Carried 5 | 3 3 5 Average Carried 2 | 1 3 3 Final Capacity 5 | 5 5 5 Final Carried 4 | 3 3 4 Class Distribution -------------------- 100% | Mutant Dominant Class ---------------- Mutant | -10/Materials Mutant | -9/Materials Resources | -11 -10 -9 ----------- Run | Scr Mat Mat Matter Collected 379 | 136 . 243 Remotely 243 | . . 243 Salvage Created 251 | . . 251 Parts 15 | . . 15 Haulers Intercepted . | . . . Recyclers Shooed . | . . . Parts Field Recycled . | . . . Retrieved Matter . | . . . Parts Self-Destructed . | . . . Prevented . | . . . Kills | -11 -10 -9 ------- Run | Scr Mat Mat Combat Hostiles Destroyed 6 | . . 6 Melee 1 | . . 1 Guns 5 | . . 5 Classes Destroyed 2 | . . 2 Grunt 5 | . . 5 Sentry 1 | . . 1 Best Kill Streak 3 | . . 3 Combat Bots Only 3 | . . 3 Max Kills in Single Turn 1 | . . 1 Gunslinging . | . . . Exploded . | . . . Melee 1 | . . 1 Uniques/NPCs Destroyed . | . . . Combat | -11 -10 -9 -------- Run | Scr Mat Mat Damage Taken 1042 | . 77 965 Core 415 | . 11 404 Absorbed by Shields . | . . . Redirected to Shielding 19 | . . 19 Core Remaining (%) 97 | 100 95 . Volleys Fired 23 | . 1 22 Largest 2 | . 2 2 Hottest 76 | . 60 76 Shots Fired 41 | . 2 39 Gun 41 | . 2 39 Cannon . | . . . Launcher . | . . . Special . | . . . Kinetic 18 | . 1 17 Thermal 23 | . 1 22 Explosive . | . . . Electromagnetic . | . . . Robot Hit Streak 7 | . 1 7 Robot Miss Streak 2 | . 1 2 Penetration Max . | . . . Secondary Targets . | . . . Shots Hit Robots 30 | . 1 29 Core Hits 17 | . . 17 Critical Kills 1 | . . 1 Critical Parts Destroyed . | . . . Critical Strikes 4 | . . 4 Burn 3 | . . 3 Destroy 1 | . . 1 Melee Attacks . | . . . Impact . | . . . Slashing . | . . . Piercing . | . . . Sneak Attacks . | . . . Combat Hostiles . | . . . Follow-up Attacks . | . . . Damage Inflicted 560 | . 14 546 Guns 431 | . 14 417 Cannons . | . . . Explosions . | . . . Melee . | . . . Ramming 129 | . . 129 Kinetic 208 | . 14 194 Thermal 223 | . . 223 Explosive . | . . . Electromagnetic . | . . . Impact . | . . . Slashing . | . . . Piercing . | . . . Highest Corruption . | . . . Average Corruption . | . . . Corruption Purged . | . . . Corruption Blocked . | . . . Overload Shots . | . . . Overflow Damage 2 | . . 2 Projectiles . | . . . Explosions . | . . . Melee 2 | . . 2 Knockbacks . | . . . Impact . | . . . Kinetic . | . . . Secondary . | . . . Self-Inflicted Damage 52 | . . 52 Shots . | . . . Rammed 40 | . . 40 Targets Rammed 45 | . . 45 Kicked 5 | . . 5 Crushed . | . . . Highest Temperature 279 | . . 279 Average Temperature 145 | . . 145 Received Heat Transfer 528 | . 42 486 Siege Activations . | . . . Robots Corrupted . | . . . Combat Hostiles . | . . . Parts Fried . | . . . Impact Corruptions 1 | . . 1 Robots Melted . | . . . Combat Hostiles . | . . . Parts Melted 2 | . . 2 Heat Transferred 790 | . . 790 Parts Sabotaged . | . . . Parts Stolen . | . . . Parts Stripped . | . . . Power Chain Reactions . | . . . Missiles Intercepted . | . . . Alert | -11 -10 -9 ------- Run | Scr Mat Mat Peak Influence 135 | . 20 135 Initial . | . . . Average 20 | . 11 35 Maximum Alert Level . | . . . Low Security (%) 100 | 100 100 100 Level 1 . | . . . Level 2 . | . . . Level 3 . | . . . Level 4 . | . . . Level 5 . | . . . High Security . | . . . Max Security . | . . . Squads Dispatched 3 | . 3 . Investigation 1 | . 1 . Extermination . | . . . Reinforcement 2 | . 2 . Assault . | . . . Garrison . | . . . Intercept . | . . . Searches Triggered . | . . . Construction Impeded . | . . . Haulers Reinforced . | . . . Active Scanning Responses . | . . . Cargo Convoy Interrupts . | . . . Stealth | -11 -10 -9 --------- Run | Scr Mat Mat Distress Signals . | . . . Communications Jammed . | . . . Distress Signals . | . . . Times Spotted 15 | . 6 9 Peak Tracking Total 4 | . 4 4 Tactical Retreats . | . . . Traps | -11 -10 -9 ------- Run | Scr Mat Mat Traps Triggered 1 | . 1 . Indirectly . | . . . Trap Hack Attempts . | . . . Triggered . | . . . Disarmed . | . . . Reprogrammed . | . . . Reused . | . . . Traps Extracted . | . . . Installed . | . . . Triggered . | . . . Machines | -11 -10 -9 ---------- Run | Scr Mat Mat Machines Disabled . | . . . Max in Single Turn . | . . . Machines Sabotaged . | . . . Garrisons Compromised . | . . . Overloaded Fab Kills . | . . . Hacking | -11 -10 -9 --------- Run | Scr Mat Mat Machines Accessed 2 | . 1 1 Terminals 1 | . 1 . Fabricators . | . . . Repair Stations 1 | . . 1 Recycling Units . | . . . Scanalyzers . | . . . Garrison Access . | . . . Total Hacks 2 | . 1 1 Successful 1 | . 1 . Failed 1 | . . 1 Catastrophic 1 | . . 1 Database Lockouts . | . . . Manual . | . . . Terminals 1 | . 1 . Fabricators . | . . . Repair Stations 1 | . . 1 Recycling Units . | . . . Scanalyzers . | . . . Garrison Access . | . . . Terminal Hacks 1 | . 1 . Investigation Status 1 | . 1 . Fabricator Hacks . | . . . Repair Station Hacks . | . . . Recycling Unit Hacks . | . . . Scanalyzer . | . . . Garrison Access Hacks . | . . . Unauthorized Hacks . | . . . Terminals . | . . . Fabricators . | . . . Repair Stations . | . . . Recycling Units . | . . . Scanalyzers . | . . . Garrison Access . | . . . Data Cores Recovered . | . . . Used . | . . . Hacking Detections 2 | . 1 1 Full Trace Events . | . . . Feedback Events . | . . . Feedback Blocked . | . . . Robot Schematics Acquired . | . . . Robots Built . | . . . Authchips . | . . . Time . | . . . Total Robot Build Rating . | . . . Part Schematics Acquired . | . . . Parts Built . | . . . Authchips . | . . . Time . | . . . Total Part Build Rating . | . . . Parts Repaired . | . . . Time . | . . . Parts Recycled . | . . . Recycled Matter . | . . . Retrieved Matter . | . . . Retrieved Components . | . . . Parts Scanalyzed . | . . . Part Schematics Acquired . | . . . Parts Damaged . | . . . Bothacking | -11 -10 -9 ------------ Run | Scr Mat Mat Used RIF Installer . | . . . Robots Hacked . | . . . Non-combat . | . . . Combat . | . . . Robot Hacks Applied . | . . . Relay Couplers Released . | . . . Fabnet Peak Effective % . | . . . Robots Rewired . | . . . Allies Hacked . | . . . Hacks Repelled . | . . . Allies | -11 -10 -9 -------- Run | Scr Mat Mat Total Allies . | . . . Largest Group . | . . . Highest-Rated Group . | . . . Highest-Rated Ally . | . . . Total Orders . | . . . Ally Attacks . | . . . Total Damage . | . . . Kills . | . . . Allies Corrupted . | . . . Allies Melted . | . . . Intel | -11 -10 -9 ------- Run | Scr Mat Mat Robot Analysis Total . | . . . Derelict Logs Recovered . | . . . Drone Launches . | . . . Drone Recoveries . | . . . Exploration | -11 -10 -9 ------------- Run | Scr Mat Mat Turns Passed 1124 | 65 615 444 Spaces Moved 400 | 47 110 243 Core 4 | 1 . 3 Treads . | . . . Legs 369 | 19 110 240 Wheels 27 | 27 . . Hover . | . . . Flight . | . . . Fastest Speed 50 | 50 120 50 Average Speed 119 | 107 120 121 Slowest Speed 190 | 120 120 190 Overloaded Moves . | . . . Propulsion Burnouts . | . . . Robots Hopped . | . . . Cave-ins Triggered . | . . . Exploration Rate (%) 14 | 3 22 17 Regions Visited 2 Branch Regions . Pre-discovered Areas . | . . . Known Exits Taken . | . . . Unknown Exits Taken 2 | 1 1 . Scrap Searched . | . . . Spaces Dug . | . . . Terrain Destroyed . | . . . Melee . | . . . Projectile . | . . . AOE . | . . . Terrain Rammed . | . . . Walls Destroyed . | . . . Machines Disabled . | . . . Actions | -11 -10 -9 --------- Run | Scr Mat Mat Total 1001 | 58 590 353 Wait 512 | . 479 33 Move 398 | 46 109 243 Hop . | . . . Pick Up 4 | 3 . 1 Fast Attach 9 | 5 1 3 Attach 3 | 1 . 2 Detach 4 | 1 . 3 Swap 2 | 2 . . Drop 1 | . . 1 Fire 23 | . 1 22 Melee . | . . . Ram 40 | . . 40 Kick 5 | . . 5 Crush . | . . . Escape Stasis . | . . . Rewire . | . . . Trap . | . . . Miscellaneous . | . . . Route ------- -11/Scrapyard -10/Materials -9/Materials History --------- Turn | Location | Event 6 | -11/Scrapyard | Discovered new exit (range 16) 66 | -11/Scrapyard | Entered Materials 314 | -10/Materials | Build established: Mutant 670 | -10/Materials | Discovered new exit (range 10) 681 | -10/Materials | Entered another Materials area 681 | -9/Materials | Evolved 2 slots: Power x1, Utility x1 1095 | -9/Materials | Core integrity fell below 50% 1107 | -9/Materials | Core integrity fell below 20% 1119 | -9/Materials | Lost 7 parts (1p2n2u2w) 1125 | -9/Materials | Destroyed by G-47 Trooper with Particle Gun Last Messages --------------- 01085_ Slammed into G-34 Mercenary. 01088_ Tractor Beam destroyed. 01088_ K-01 Serf collects debris. 01089_ Slammed into G-34 Mercenary. 01091_ K-01 Serf collects debris. 01092_ Slammed into G-34 Mercenary. 01095_ K-01 Serf collects debris. 01095_ Slammed into G-34 Mercenary. 01099_ K-01 Serf collects debris. 01099_ Slammed into G-34 Mercenary. 01103_ G-34 Mercenary destroyed. 01104_ K-01 Serf collects debris. 01105_ Slammed into G-34 Mercenary. 01107_ K-01 Serf collects debris. 01108_ Slammed into G-34 Mercenary. 01112_ K-01 Serf collects debris. 01112_ Slammed into G-34 Mercenary. 01119_ Destroyed Heat Sink. 01119_ G-34 Mercenary system corrupted by crushing effect. 01120_ Slammed into G-34 Mercenary. Map ----- +----------------------------------------------------+ | [= #? ####### #????????????????????? | | ##+###### ### # #????????????????????? | | # """"""" #????????????????????? | | + """""""??????????????????????? | | # """"""???????????????????????? | | ############# # """""????????????????????????? | | ????????????## ## """""????????????????????????? | | ?????????????# ########????????????????????????? | | ???########### #???????????????????????????????? | | ???# ] # #???????????????????????????????? | | ???# # #???????????????????????????????? | | ???# # #???????????????????????????????? | | ???# # #???????????????????????????????? | | ???# # #???????????????????????????????? | | ???# ! # #???????????????????????????????? | | ???# # #???????????????????????????????? | | ???# # #???????????????????????????????? | | ???####+###### #???????????????????????????????? | | ????# #??# #???????????????????????????????? | | ????# #??# #???????????????????????????????? | | ????# #??# #???????????????????????????????? | | ????# #??# #????########???????????????????? | | ????# #??# #????#%%%%!=#???????????????????? | | ????## ##??# #????#%%[=*%#???????????????????? | | ?????# #???# #????#%%%%%%#???????????????????? | | ?????# #???# #????#%a@%%%#???????????????????? | | ?????# #???# #????#%g%%%%#???????????????????? | | ????## ##??# #????#%%%r%%#?? #???????????????? | | ????# #### ##########g## #???????????????? | | ????# %%% #???????????????? | | ????# %% #???????????????? | | ????# t + ????????????? | | ????# #######+####+#######k #???????????????? | | ????#######?# # #???? k#???????????????? | | ????????????# #""" #????? #??????????????? | | ????????????# #"R #????? #??????????????? | | ????????????# """ #""" #??????k #??????????????? | | ????????????# """ # "" #?????? #??????????????? | | ????????????# """ # #??????? #??????????????? | | ????????????######## #????????#??????????????? | | ???????????????????#######???????????????????????? | | ?????????????????????????????????????????????????? | | ?????????????????????????????????????????????????? | | ?????????????????????????????????????????????????? | | ?????????????????????????????????????????????????? | | ?????????????????????????????????????????????????? | | ?????????????????????????????????????????????????? | | ?????????????????????????????????????????????????? | | ?????????????????????????????????????????????????? | | ?????????????????????????????????????????????????? | +----------------------------------------------------+ Best States ------------- Heat Dissipation 28 Energy Generation 15 Energy Capacity 275 Matter Stores 300 Matter Capacity 300 Sight Range 16 Terrain Scan Density 10 Armor Coverage 225 Power Shielding 33 Evasion (%) 55 Item Schematics ----------------- None Robot Schematics ------------------ None Fabricated ------------ Nothing Alien Tech Used ----------------- None Achievements -------------- None Challenges ------------ None Game ------ Seed DeliverySystemClaw Manual? 0 Play Time 00:10:23 Cumulative 13.1 hours Start 2022.03.21 @ 11:51:09 End 2022.03.21 @ 11:57:53 Sessions 1 Manual Loads 0 Difficulty Rogue Special Mode None Game No. 46 Rogue 10 Adventurer 36 Explorer 0 Win Type - Total 0 Types 0/0/0/0/0/0/0/0/0 Lore% 14 Gallery% 17 Achievement% 13 Wizard Run 0 Options --------- ASCII 0 Keyboard 1 Movement Numpad Keybinds 0 Fullscreen 2 Font 18/X11Bold Map View 76x50 Tactical HUD 1 Map Filters NONE Filters NONE Steam 1 RUN: bf2b15ab-a340-48f4-b1b9-9be7b6f3cc63